 Dungeon Crawl Stone Soup version 0.22-a0-467-g5c5de1cb09 (webtiles) character file.

6 HANFGEIST the Insei (level 1, 0/13 HPs)
             Began as an Octopode Transmuter on June 10, 2018.
             Slain by a jackal (1 damage)
             ... on level 1 of the Dungeon.
             The game lasted 00:00:29 (96 turns).

HANFGEIST the Insei (Octopode Transmuter)             Turns: 96, Time: 00:00:30

Health: 0/13       AC:  1    Str:  9    XL:     1   Next: 90%
Magic:  2/3        EV: 13    Int: 15    God:
Gold:   15         SH:  0    Dex: 12    Spells: 3/4 levels left

rFire    . . .     SeeInvis .     - Unarmed
rCold    . . .     Gourm    .   (no shield)
rNeg     . . .     Faith    .   (helmet restricted)
rPois    .         Spirit   .   (no amulet)
rElec    .         Reflect  .   (no ring)
rCorr    .         Harm     .   (no ring)
MR       .....                  (no ring)
Stlth    ++........             (no ring)
HPRegen  0.04/turn              (no ring)
MPRegen  0.08/turn              (no ring)
                                (no ring)
                                (no ring)

@: appendage
A: almost no armour, stealthy swim, amphibious, 8 rings, constrict 8, tentacle
spike 3, camouflage 1, gelatinous body 1
a: End Transformation


You were on level 1 of the Dungeon.
You were not hungry.
One of your tentacles had a temporary spike.
You visited 1 branch of the dungeon, and saw 1 of its levels.

You collected 15 gold pieces.

Inventory:

Missiles
 a - 12 arrows
Comestibles
 b - a chunk of flesh
 c - a ration


   Skills:
 + Level 1.0 Fighting
 * Level 2.0 Dodging
 + Level 3.3 Unarmed Combat
 + Level 2.0 Spellcasting
 + Level 2.1 Transmutations


You had 3 spell levels left.
You knew the following spells:

 Your Spells              Type           Power        Failure   Level  Hunger
a - Beastly Appendage     Tmut           #.....       10%         1    #......

Your spell library contained the following spells:

 Spells                   Type           Power        Failure   Level  Hunger
 Spider Form              Tmut/Pois      #.........   41%         3    ###....
 Blade Hands              Tmut           #.........   95%         5    ######.
 Ice Form                 Ice/Tmut       #.......     82%         4    #####..
 Sticks to Snakes         Tmut           #.......     14%         2    ###....


Dungeon Overview and Level Annotations

Branches:
Dungeon (1/15)

Altars:


Innate Abilities, Weirdness & Mutations

You cannot wear most types of armour.
You are very stealthy in the water. (Stealth+)
You are amphibious.
You can wear up to eight rings at the same time.
You can use your tentacles to constrict eight enemies at once.
Your skin changes colour to match your surroundings (Stealth+).
Your rubbery body absorbs attacks. (AC +1, EV +1)
One of your tentacles bears a large vicious spike.


Message History

You constrict the jackal.
You kill the jackal!
You barely miss the jackal. You grab the jackal.
You constrict the jackal, but do no damage.
The jackal barely misses you. The jackal misses you.
You tentacle-slap the jackal. Your squeeze misses the jackal.
The jackal is heavily wounded.
You constrict the jackal. The jackal bites you.
* * * LOW HITPOINT WARNING * * *
You tentacle-slap the jackal but do no damage.
The jackal is severely wounded.
You constrict the jackal, but do no damage.
The jackal bites you.
* * * LOW HITPOINT WARNING * * *
You aren't carrying any potions.
Unknown command.
You release your grip on the jackal.
You see here a scroll labeled WAOXEU JYPO.
The jackal bites you.
You die...

.........####
...........
.!....... .......
..... ... ..w.. #.#
.....# #@# ......
#h# ....#.#######h#
............#r#
#......r..h..h#
..............#
..............###
.!..............###
..............#...#


You could see 3 jackals and a rat.

Vanquished Creatures
  A dart slug (D:1)
  A bat (D:1)
  A jackal (D:1)
  A frilled lizard (D:1)
4 creatures vanquished.

Notes
Turn   | Place    | Note
-------+----------+-------------------------------------------
     0 | D:1      | HANFGEIST the Octopode Transmuter began the quest for the Orb.
     0 | D:1      | Reached XP level 1. HP: 13/13 MP: 3/3
     2 | D:1      | Noticed an electric eel
    96 | D:1      | Slain by a jackal

Vault maps used:
D:1:      arrival_aquarium_a, minmay_misc_feat_pillars

Action                   || total
-------------------------++-------
Melee: Unarmed           ||    11
       Constrict         ||     5
       Kick              ||     2
       Tentacles         ||     1
 Cast: Beastly Appendage ||     3
 Stab: Sleeping          ||     1
Armor: Skin              ||     2
Dodge: Dodged            ||    12

Table legend:
 A = Spawn XP
 B = Non-spawn XP
 C = Spawn XP percentage of total XP
 D = Spawn monster count
 E = Non-spawn monster count
 F = Spawn count percentage of total count
 G = Total turns spent on level
                    A         B        C        D         E        F      G
               +---------+---------+-------+---------+---------+-------+---------
         Total |       0 |       9 |   0.0 |       0 |       4 |   0.0 |    96
               +---------+---------+-------+---------+---------+-------+---------
           D:1 |       0 |       9 |   0.0 |       0 |       4 |   0.0 |    96
               +---------+---------+-------+---------+---------+-------+---------
